 Dungeon Crawl Stone Soup version 0.31-a0-971-g75a2e9a4b4 (webtiles) character file.

Game seed: 15825528135653464763

760 mattiecakes the Arsonist (level 8, -11/63 HPs)
             Began as a Meteoran Cinder Acolyte on Oct 29, 2023.
             Was an Initiate of Ignis.
             Mangled by an ogre
             ... wielding a +0 giant club
              (19 damage)
             ... on level 5 of the Dungeon.
             The game lasted 00:19:00 (2764 turns).

mattiecakes the Arsonist (Meteoran Cinder Acolyte)  Turns: 2764, Time: 00:19:01

Health: -11/63     AC: 13    Str: 14 (15) XL:     8   Next: 29%
Magic:  11/11      EV: 11    Int: 23 (24) God:    Ignis [......]
Gold:   177        SH:  0    Dex: 15 (18) Spells: 9/9 levels left

rFire   . . .        a - -1 mace (flame)
rCold   . . .        (no shield)
rNeg    . . .        b - +0 robe
rPois   .            x - +0 helmet
rElec   .            s - +0 cloak of Eternity {rF- Dex+8}
rCorr   .            (no gloves)
SInv    .            c - +1 pair of boots
Will    +....        (no amulet)
Stlth   +            q - +6 ring of intelligence
HPRegen 0.30/turn    e - +4 ring of slaying
MPRegen 0.12/turn

%: no passive effects
@: fiery-armoured, glowing
A: sense surroundings 1, otherworldly, glowing, explore regen
a: Renounce Religion


You were on level 5 of the Dungeon.
You worshipped Ignis.
Ignis was noncommittal.
You visited 1 branch of the dungeon, and saw 5 of its levels.

You collected 177 gold pieces.

Inventory:

Hand Weapons
 a - a -1 mace of flaming (weapon)
Missiles
 u - a throwing net
Armour
 b - a +0 robe (worn)
 c - a +1 pair of boots (worn)
 s - the +0 cloak of Eternity (worn) {rF- Dex+8}
   (You found it on level 3 of the Dungeon)

   Dex+8:     It affects your dexterity (+8).
   rF-:       It makes you vulnerable to fire.
 x - a +0 helmet (worn)
Jewellery
 e - a +4 ring of slaying (right hand)
 q - a +6 ring of intelligence (left hand)
 w - a ring of fire
Talismans
 y - a dragon-blood talisman
Wands
 d - a wand of iceblast (8)
 t - a wand of acid (8)
Scrolls
 f - 2 scrolls of teleportation
 i - 2 scrolls of revelation
 o - 4 scrolls of identify
 p - a scroll of enchant weapon
 r - a scroll of blinking
Potions
 j - 2 potions of haste


   Skills:
 - Level 3.2 Fighting
 - Level 4.0 Maces & Flails
 - Level 1.3 Spellcasting
 - Level 10.0 Fire Magic
 + Level 3.1 Shapeshifting


You had 9 spell levels left.
You didn't know any spells.
Your spell library contained the following spells:

 Spells                   Type           Power      Damage    Failure   Level
 Scorch                   Fire           94%        2d8       1%          2
 Animate Dead             Necr           1%         N/A       80%         4
 Borgnjor's Vile Clutch   Necr/Erth      0%         N/A       98%         5
 Conjure Ball Lightning   Conj/Air       0%         3x3d6     100%        6
 Death Channel            Necr           0%         N/A       100%        6
 Discord                  Hex            0%         N/A       100%        8
 Disjunction              Tloc           0%         N/A       100%        8


Dungeon Overview and Level Annotations

Branches:
Dungeon (5/15) Zot: 222    Temple (0/1) D:4

Altars:
The Shining One

Shops:
D:2 [


Innate Abilities, Weirdness & Mutations

You passively map a small area around you.
You are easily found by Zot.
You glow in the dark.
You regain HP and MP as you explore.


Message History

You thump the gnoll! You burn the gnoll.
You kill the gnoll!
You hit the ice beast.
You melt the ice beast.
The ice beast is almost dead.
A scorpion comes into view.
The ice beast hits you but does no damage.
You hit the ice beast.
You melt the ice beast.
You kill the ice beast!
The gnoll closely misses you.
You feel your intelligence returning.
Your Shapeshifting skill gained 2 levels and is now at level 3!
You sock the gnoll! You burn the gnoll.
The gnoll is almost dead.
The sentinel's mark upon you fades away.
The gnoll closely misses you.
You hit the gnoll. You burn the gnoll.
You kill the gnoll!
You hit the ogre. You burn the ogre.
The ogre is moderately wounded.
The ogre hits you with a +0 giant club.
The ogre is burned by your cloak of flames.
The ogre is moderately wounded.
The scorpion barely misses you.
You barely miss the ogre. You punch the ogre, but do no damage.
The ogre is moderately wounded.
The gnoll sergeant barely misses you.
The ogre hits you with a +0 giant club!!
* * * LOW HITPOINT WARNING * * *
The ogre is burned by your cloak of flames.
The ogre is heavily wounded.
The scorpion stings you but does no damage.
The scorpion is burned by your cloak of flames.
The scorpion is lightly wounded.
The gnoll sergeant hits you but does no damage.
You feel better. The scorpion stings you.
* * * LOW HITPOINT WARNING * * *
The scorpion is burned by your cloak of flames.
The scorpion is lightly wounded.
The ogre hits you with a +0 giant club!!
You die...

..#.....#...[...####,**,******,,,
........#.....#.## *.#,,,,,,,,,,,
.#.##+.###....#..###.#,.******,*,
..###.####...........#..**,,,,,,,
!.............##........,,,,,,,*,
.)............##.....#..**,*****,
...#..#.................,,,,,,,,,
...#.##.##.#..##s>...#..,*,*****,
...#.##.##...ggO@.......,*,*****,
.....##.##.#..#######...,,,,,,,,,
..#####.##.#.....,,,,,,,,,,,,,,,,
..+.......)........,,,,,,,,*,***,
,,*#.##.##.#....###**,,,,,,,,,,*,
,,**,*#,...#....# *,,,,,,*,*,*,
,,**,**.##.#....# *,,,,,,*,*,*,
,,**,**,*#.#.#..# *,,,,,,*,*,*,
***,,,,,*#.#,*..#****,,,,,,*,*,*,


You could see an ogre, a gnoll sergeant, a scorpion and a gnoll.

Vanquished Creatures
  An ogre (D:4)
  An ice beast (D:5)
  A centaur (D:5)
  2 scorpions (D:5)
  A crimson imp (D:5)
  A gnoll bouda (D:4)
  A hound (D:5)
  4 iguanas
  8 gnolls
  4 adders
  A worm (D:2)
  2 orcs
  7 endoplasms
  5 giant cockroaches
  12 goblins
  5 hobgoblins
  4 quokkas
  4 ball pythons
  5 bats
  3 frilled lizards
  A goblin skeleton (D:5)
  2 goblin zombies (D:5)
  2 hobgoblin zombies (D:5)
  6 kobolds
  2 kobold skeletons (D:5)
  3 orc zombies (D:5)
  5 rats
93 creatures vanquished.

Vanquished Creatures (others)
  31 foxfires
31 creatures vanquished.

Grand Total: 124 creatures vanquished

Notes
Turn   | Place    | Note
-------+----------+-------------------------------------------
     0 | D:1      | mattiecakes the Meteoran Cinder Acolyte began the quest for
                  | the Orb.
     0 | D:1      | Reached XP level 1. HP: 19/19 MP: 3/3
    82 | D:1      | Reached skill level 4 in Fire Magic
    88 | D:1      | Reached XP level 2. HP: 24/26 MP: 5/5
   238 | D:1      | Reached XP level 3. HP: 30/31 MP: 6/6
   473 | D:2      | Identified the +2 quarterstaff of the Mushroom {antimagic,
                  | *Corrode Dex+4}
   524 | D:2      | Found Ebadghufu's Armour Shoppe.
   682 | D:2      | Reached skill level 5 in Fire Magic
   944 | D:3      | Identified the +0 cloak of Eternity {rF- Dex+8}
   963 | D:3      | Reached XP level 4. HP: 33/38 MP: 7/7
  1260 | D:4      | Noticed an ogre
  1268 | D:4      | Killed an ogre
  1269 | D:4      | Reached skill level 7 in Fire Magic
  1269 | D:4      | Reached XP level 5. HP: 27/45 MP: 8/8
  1331 | D:4      | Reached XP level 6. HP: 32/51 MP: 9/9
  1354 | D:4      | Found a staircase to the Ecumenical Temple.
  1366 | D:4      | Reached skill level 8 in Fire Magic
  1542 | D:4      | Reached XP level 7. HP: 29/57 MP: 10/10
  1809 | D:5      | Entered Level 5 of the Dungeon
  1832 | D:5      | Reached skill level 9 in Fire Magic
  1996 | D:5      | Found a glowing golden altar of the Shining One.
  2029 | D:5      | Reached skill level 10 in Fire Magic
  2029 | D:5      | Reached XP level 8. HP: 8/63 MP: 11/11
  2754 | D:5      | Reached skill level 1 in Shapeshifting
  2764 | D:5      | Mangled by an ogre

Illustrated notes

Levels and vault maps discovered:
D:1:      dpeg_arrival_long_road, layout_loops_cross, minmay_hexomino_p4
D:2:      layout_basic, ebering_ecumenical_altar_abandoned, serial_shops, shop,
          nicolae_shop_tiny_glass, minmay_liquid_box, dk_vineyard_3,
          minmay_worlds_worst_comb
D:3:      layout_rooms
D:4:      layout_basic, minmay_temple_entry_stoned_glass, corner_web_ring,
          hangedman_abyss_or_decor_passed, small_statue_intersection
D:5:      layout_basic, nicolae_tso_besieged_by_evil

Skill      XL: |  1  2  3  4  5  6  7  8 |
---------------+-------------------------+-----
Fire Magic     | 4 5 7 8 10 | 10.0
Shapeshifting  | 3 |  3.1
Fighting       | |  3.2
Maces & Flails | |  4.0
Spellcasting   | |  1.3

Action                     |  1- 3 |  4- 6 |  7- 9 || total
---------------------------+-------+-------+-------++-------
  Melee: Mace              |    58 |    53 |    59 ||   170
         Punch             |     1 |       |     3 ||     4
         Unarmed           |       |       |    11 ||    11
         Bite              |       |       |     2 ||     2
         Tailslap          |       |       |     1 ||     1
 Invoke: Foxfire Swarm     |     2 |     2 |       ||     4
         Fiery Armour      |     3 |     2 |     2 ||     7
         Rising Flame      |     1 |       |       ||     1
    Use: Potion            |       |     1 |    10 ||    11
         Scroll            |       |       |     5 ||     5
 Armour: Robe              |    33 |    44 |    59 ||   136
         Skin              |       |       |     5 ||     5
  Dodge: Dodged            |    35 |    43 |    55 ||   133
   Form: Dragon            |       |       |     1 ||     1
                           |       |       |     1 ||     1

Table legend: (Time is in decaauts)
 A = Elapsed time spent in this place.
 B = Non-inter-level travel time spent in this place.
 C = Inter-level travel time spent in this place.
 D = Time resting spent in this place.
 E = Time spent auto-exploring this place.
 F = Levels seen in this place.
 G = Mean time per level.
                   A        B        C        D        E       F      G
               +--------+--------+--------+--------+--------+-----+--------+
         Total |   2776 |   2665 |    111 |    582 |   1487 |   5 |  555.2 |
       Dungeon |   2776 |   2665 |    111 |    582 |   1487 |   5 |  555.2 |
               +--------+--------+--------+--------+--------+-----+--------+

Top non-repeatable levels by time:
     D:5: 945 daAuts
     D:1: 585 daAuts
     D:4: 563 daAuts
     D:2: 355 daAuts
     D:3: 326 daAuts
